 Dungeon Crawl Stone Soup version 0.25.1-2-g60ff931df9 (webtiles) character file.

Game seed: 5589767525347386506

26015 Curus the Cleaver (level 12, -4/110 HPs)
             Began as a Minotaur Berserker on Oct 27, 2020.
             Was a High Priest of Trog.
             Slain by a komodo dragon (9 damage)
             ... on level 4 of the Lair of Beasts.
             The game lasted 00:54:14 (16086 turns).

Curus the Cleaver (Minotaur Berserker)             Turns: 16086, Time: 00:54:14

Health: -4/110     AC: 19    Str: 22    XL:     12   Next: 94%
Magic:  16/16      EV: 12    Int:  7    God:    Trog [*****.]
Gold:   634        SH:  0    Dex: 12    Spells: 11/11 levels left

rFire    + . .     SeeInvis .   G - +4 morningstar of Slow Death {flame, rPois}
rCold    + . .     Gourm    .   (no shield)
rNeg     . . .     Faith    .   D - +1 plate armour
rPois    +         Spirit   .   (helmet restricted)
rElec    +         Reflect  .   M - scarf {rC+ rF+}
rCorr    .         Harm     .   d - +2 pair of gloves
MR       +++..                  (no boots)
Stlth    ..........             J - amulet of magic regeneration
HPRegen  1.28/turn              h - +4 ring of evasion
MPRegen  0.40/turn              k - ring of protection from magic

@: berserk cooldown, regenerating, slowed, very slow
A: retaliatory headbutt, horns 2, deterioration 1, electricity resistance
a: Berserk, Trog's Hand, Brothers in Arms, Renounce Religion


You were on level 4 of the Lair of Beasts.
You worshipped Trog.
Trog was extremely pleased with you.
You were not hungry.

You visited 2 branches of the dungeon, and saw 15 of its levels.

You collected 634 gold pieces.

Inventory:

Hand Weapons
 a - a +0 hand axe
 v - a +3 hand axe of flaming
 z - a +0 broad axe
 G - the +4 morningstar of Slow Death (weapon) {flame, rPois}
   (You found it on level 9 of the Dungeon)

   It has been specially enchanted to burn those struck by it, causing extra
   injury to most foes and up to half again as much damage against particularly
   susceptible opponents.
   It protects you from poison.
 L - a +4 battleaxe of protection
Armour
 b - a +0 animal skin
 d - a +2 pair of gloves (worn)
 e - a +0 scale mail
 l - a +0 chain mail
 B - a +0 cloak
 D - a +1 plate armour (worn)
 F - the +0 pair of gloves of the Sun {rPois rC- rN+++ Str-3}
   (You found it on level 2 of the Lair of Beasts)

   It affects your strength (-3).
   It makes you vulnerable to cold.
   It protects you from poison.
   It renders you almost immune to negative energy.
 M - a scarf of resistance (worn)
Jewellery
 f - an uncursed ring of fire
 h - a +4 ring of evasion (left hand)
 k - a ring of protection from magic (right hand)
 H - an uncursed ring of attention
 J - an amulet of magic regeneration (around neck)
Wands
 n - a wand of polymorph (29)
 o - a wand of disintegration (34)
 r - a wand of acid (10)
 y - a wand of flame (16)
 E - a wand of enslavement (15)
 K - a wand of iceblast (12)
Scrolls
 g - 11 scrolls of identify
 i - 9 scrolls of remove curse
 p - 5 scrolls of teleportation
 q - 2 scrolls of fear
 s - a scroll of blinking
 t - 2 scrolls of immolation
 x - a scroll of random uselessness
 C - 3 scrolls of magic mapping
 I - 2 scrolls of fog
Potions
 j - 2 potions of haste
 m - 5 potions of curing
 u - a potion of flight
 w - 2 potions of stabbing
 A - 3 potions of invisibility
 N - a potion of mutation
Comestibles
 c - 36 rations


   Skills:
 - Level 11.1 Fighting
 - Level 14.4(16.0) Axes
 * Level 12.3(15.0) Maces & Flails
 - Level 10.9 Armour
 - Level 2.1 Dodging
 + Level 7.8 Evocations


You had 11 spell levels left.
You didn't know any spells.
Your spell library was empty.

Dungeon Overview and Level Annotations

Branches:
Dungeon (10/15)            Temple (0/1) D:5            Lair (5/6) D:10
 Shoals (0/4) Lair:4       Spider (0/4) Lair:3
  Slime: Lair:5-6       Orc: D:9-12

Altars:
Fedhas
Gozag
Hepliaklqana
Makhleb
Qazlal
Uskayaw
Jiyva

Shops:
D:10 %

Annotations:
Lair:2 3 runed translucent doors, Curus's ghost, novice MiMo
Lair:4 1 transporter, strmdvr's ghost, journeyman GnWz


Innate Abilities, Weirdness & Mutations

You reflexively headbutt those who attack you in melee.
You have a pair of horns on your head.
Your body sometimes deteriorates upon taking damage.
You are resistant to electric shocks. (rElec)


Message History

You are too berserk!
You are too berserk!
You bludgeon the bullfrog!! You burn the bullfrog.
You kill the bullfrog!
Trog accepts your kill.
You impale the komodo dragon!! You burn the komodo dragon.
You headbutt the komodo dragon!
The komodo dragon is almost dead.
You are no longer berserk.
Trog's vigour flows through your veins.
You are exhausted.
You feel yourself slow down.
Okay, then.
Unknown command.
Your skin crawls.
You feel resistant to hostile enchantments.
You feel quite a bit more hungry. The komodo dragon bites you!
* * * LOW HITPOINT WARNING * * *
The komodo dragon bites you!
You die...

## #...####..#### ####. .#
##...........### #....
^####..............### ####...>
.....................#####P......
#.....................##.#....#.P
#.......#.#...........P.#...#..##
......#.##..#########...[.PP#####
.....####P.##.......##....### #.
....#.####.#8.##@##.8#..#.# ##
...##....#.#..##l##..#..### #.
..<.##..#..#....WY..[#...# ##
..######..©#....©...?#©..# #. ..#
##..#........)#...# #. ..####
##.#..##.##.$#...# ## ...#.#
#..#8.##.##.8#...# #. .....#
##..##.....SW##...## #. ...###
#.#..#########.....# ##


You could see an elephant, a komodo dragon and strmdvr's ghost.

Vanquished Creatures
  5 hydras
  Erica (D:8)
  A centaur warrior (D:8)
  An anaconda (Lair:4)
  Urug (Lair:2)
  2 unseen horrors (D:8)
  Pikel (D:9)
  2 ugly things
  3 elephants (Lair:4)
  2 black mambas
  Joseph (D:8)
  8 spiny frogs
  2 rime drakes
  11 komodo dragons
  2 hippogriffs
  A spriggan (D:8)
  3 basilisks
  A hungry ghost (D:7)
  15 yaks
  7 water moccasins
  Duvessa (D:6)
  7 porcupines
  2 ice beasts
  2 slaves (D:9)
  3 orc warriors
  4 phantoms
  3 black bears
  A sky beast (D:7)
  A necrophage (D:6)
  3 ogres
  11 wolves
  2 centaurs
  6 crocodiles
  11 bullfrogs
  A wyvern zombie (D:7)
  Dowan (D:6)
  A water moccasin skeleton (D:6)
  2 scorpions
  An electric eel (D:9)
  A howler monkey (D:7)
  2 crimson imps
  2 bullfrog zombies
  A gnoll shaman (D:8)
  A centaur zombie (D:9)
  9 hounds
  2 jellies
  3 centaur skeletons
  4 orc priests
  3 bullfrog skeletons
  8 orc wizards
  6 iguanas
  6 worker ants
  A killer bee zombie (D:7)
  A hound zombie (D:7)
  2 hound skeletons
  A worker ant zombie (D:8)
  3 gnolls (D:8)
  14 adders
  5 adder skeletons
  6 worms
  3 leopard geckos
  28 orcs
  A ball python (D:1)
  6 bats
  11 giant cockroaches
  6 goblins
  4 hobgoblins
  4 jackals
  10 kobolds
  2 quokkas
  4 frilled lizards
  2 leopard gecko skeletons (D:4)
  A leopard gecko zombie (D:8)
  2 quokka zombies
  10 rats
308 creatures vanquished.

Vanquished Creatures (others)
  3 fungi
  A plant (Lair:2)
4 creatures vanquished.

Grand Total: 312 creatures vanquished

Notes
Turn   | Place    | Note
-------+----------+-------------------------------------------
     0 | D:1      | Curus the Minotaur Berserker began the quest for the Orb.
     0 | D:1      | Reached XP level 1. HP: 19/19 MP: 0/0
   102 | D:1      | Reached skill level 4 in Axes
   374 | D:1      | Reached XP level 2. HP: 25/26 MP: 1/1
  1078 | D:2      | Reached skill level 5 in Axes
  1082 | D:2      | Reached XP level 3. HP: 30/31 MP: 2/2
  1087 | D:2      | Reached ** piety under Trog
  1645 | D:2      | Reached XP level 4. HP: 39/39 MP: 3/3
  1651 | D:2      | Reached skill level 6 in Axes
  2294 | D:3      | Noticed a centaur
  2308 | D:3      | Killed a centaur
  2308 | D:3      | Reached skill level 7 in Axes
  2308 | D:3      | Reached XP level 5. HP: 21/45 MP: 4/4
  2544 | D:3      | You fall into a shaft and drop 3 floors!
  2651 | D:6      | Noticed a necrophage
  2657 | D:6      | Killed a necrophage
  2657 | D:6      | Reached skill level 8 in Axes
  2657 | D:6      | Reached XP level 6. HP: 51/51 MP: 5/5
  2716 | D:6      | Found a burning altar of Makhleb.
  2749 | D:6      | Reached skill level 9 in Axes
  2805 | D:6      | Noticed Dowan
  2806 | D:6      | Noticed Duvessa
  2817 | D:6      | Killed Dowan
  2823 | D:6      | Killed Duvessa
  2823 | D:6      | Reached XP level 7. HP: 48/57 MP: 6/6
  2890 | D:5      | Entered Level 5 of the Dungeon
  2939 | D:5      | Found an opulent altar of Gozag.
  2967 | D:5      | Found a blossoming altar of Fedhas.
  3019 | D:4      | Reached skill level 10 in Axes
  3056 | D:4      | Reached *** piety under Trog
  3446 | D:4      | Found a hide-covered altar of Uskayaw.
  3535 | D:4      | Gained mutation: Your body sometimes deteriorates upon
                  | taking damage. [potion of mutation]
  3535 | D:4      | Gained mutation: You are resistant to electric shocks.
                  | (rElec) [potion of mutation]
  3545 | D:4      | Reached skill level 11 in Axes
  4331 | D:4      | Found a hazy altar of Hepliaklqana.
  4731 | D:5      | Found a staircase to the Ecumenical Temple.
  4897 | D:5      | Reached XP level 8. HP: 64/64 MP: 7/7
  5321 | D:6      | Found a stormy altar of Qazlal.
  5328 | D:6      | Reached skill level 12 in Axes
  5789 | D:7      | Reached **** piety under Trog
  5834 | D:7      | Reached skill level 13 in Axes
  6264 | D:7      | Noticed a purple ugly thing
  6290 | D:7      | Killed a purple ugly thing
  6290 | D:7      | Reached skill level 14 in Axes
  6290 | D:7      | Reached XP level 9. HP: 39/70 MP: 8/8
  7063 | D:8      | Reached skill level 5 in Fighting
  7316 | D:8      | Noticed a centaur warrior
  7323 | D:8      | Killed a centaur warrior
  7409 | D:8      | Noticed a green ugly thing
  7419 | D:8      | Killed a green ugly thing
  7419 | D:8      | Reached XP level 10. HP: 86/86 MP: 9/9
  7655 | D:8      | Killed an unseen horror
  7949 | D:8      | Noticed a six-headed hydra
  7962 | D:8      | Killed a one-headed hydra
  8216 | D:8      | Killed an unseen horror
  8607 | D:8      | Noticed Joseph
  8620 | D:8      | Killed Joseph
  8834 | D:8      | Noticed Erica
  8848 | D:8      | Killed Erica
  8848 | D:8      | Reached skill level 10 in Fighting
  8848 | D:8      | Reached skill level 10 in Armour
  9382 | D:9      | Got a glimmering morningstar
  9419 | D:9      | Reached XP level 11. HP: 101/101 MP: 10/10
  9472 | D:9      | Noticed Pikel
  9489 | D:9      | Killed Pikel
  9574 | D:8      | Identified the +4 morningstar of Slow Death {flame, rPois}
                  | (You found it on level 9 of the Dungeon)
  9644 | D:9      | Reached ***** piety under Trog
 10045 | D:10     | Entered Level 10 of the Dungeon
 10338 | D:10     | Found Zioqiucye's Food Shoppe.
 10369 | D:10     | Found a staircase to the Lair.
 10376 | Lair:1   | Entered Level 1 of the Lair of Beasts
 10413 | Lair:1   | Reached skill level 1 in Maces & Flails
 10418 | Lair:1   | Reached skill level 1 in Evocations
 11677 | Lair:1   | Noticed a five-headed hydra
 11686 | Lair:1   | Killed a five-headed hydra
 11686 | Lair:1   | Reached skill level 5 in Maces & Flails
 11948 | Lair:2   | Noticed Urug
 11963 | Lair:2   | Killed Urug
 11966 | Lair:2   | Received a gift from Trog
 12232 | Lair:2   | Reached skill level 5 in Evocations
 12746 | Lair:2   | Noticed an eight-headed hydra
 12751 | Lair:2   | Killed an eight-headed hydra
 12751 | Lair:2   | Reached XP level 12. HP: 93/110 MP: 15/15
 13116 | Lair:2   | Got a pair of translucent gloves
 13127 | Lair:2   | Identified the cursed +0 pair of gloves of the Sun {rPois
                  | rC- rN+++ Str-3} (You found it on level 2 of the Lair of
                  | Beasts)
 13310 | Lair:2   | Found a runed translucent gate.
 13310 | Lair:2   | Found a runed translucent gate.
 13311 | Lair:2   | Found a runed translucent gate.
 13313 | Lair:2   | Noticed Curus's ghost (novice MiMo)
 13361 | Lair:2   | Found a viscous altar of Jiyva.
 13888 | Lair:3   | Noticed a five-headed hydra
 13894 | Lair:3   | Killed a five-headed hydra
 13993 | Lair:3   | Reached skill level 10 in Maces & Flails
 14002 | Lair:3   | Found a hole to the Spider Nest.
 14706 | Lair:4   | Noticed an eight-headed hydra
 14707 | Lair:4   | Found a transporter.
 14707 | Lair:4   | Noticed strmdvr's ghost (journeyman GnWz)
 14708 | Lair:4   | Noticed an anaconda
 14717 | Lair:4   | Found a transporter.
 14740 | Lair:4   | Found a staircase to the Shoals.
 16076 | Lair:4   | Killed an anaconda
 16081 | Lair:4   | Killed an eight-headed hydra
 16086 | Lair:4   | HP: 5/110 [komodo dragon (7)]
 16086 | Lair:4   | Slain by a komodo dragon

Illustrated notes

Levels and vault maps discovered:
D:1:      saegor_arrival_simple_c, layout_loops_ring
D:2:      minmay_thinvault, layout_rooms
D:3:      layout_basic, first_ration, lemuel_old_faithful
D:4:      layout_cave_pods, kennysheep_little_box,
          eat_drink_and_be_merry_uskayaw
D:5:      layout_basic, lemuel_doored_altar, kennysheep_mini_moat,
          minmay_temple_entry_enclosed_plants, corexii_corridor_pit
D:6:      layout_gridville, lemuel_round_altar, kennysheep_mini, uniq_duvessa
D:7:      layout_basic
D:8:      layout_basic, the_bakery, minmay_evil_grid, uniq_erica, uniq_joseph
D:9:      layout_cave_pools, hive_lemuel, uniq_pikel
D:10:     layout_basic, lair_entry_dummy, serial_shops, nicolae_shop_statue_plus
Lair:1:   layout_regular_city, beast_lair_carwin_4, lemuel_fruit_fields
Lair:2:   layout_chaotic_city, gammafunk_ghost_ooze, uniq_urug
Lair:3:   layout_loops_ring, dummy_spider_entry, lemuel_fruit_tree
Lair:4:   layout_hall_layers, elwin_shoals_entry_rocks, gammafunk_ghost_arena
Lair:5:   layout_regular_city, nicolae_slime_entry_slimehenge,
          infiniplex_staircase_pool_2

Skill      XL: |  1  2  3  4  5  6  7  8  9 10 11 12 |
---------------+-------------------------------------+-----
Axes           | 4 5 7 8 9 11 14 | 14.4
Fighting       | 7 10 11 | 11.1
Armour         | 6 10 | 10.9
Maces & Flails | 8 12 | 12.3
Evocations     | 5 7 |  7.8
Dodging        | |  2.1

Action                   |  1- 3 |  4- 6 |  7- 9 | 10-12 || total
-------------------------+-------+-------+-------+-------++-------
Melee: Hand axe          |    92 |   128 |   360 |    74 ||   654
       Headbutt          |     6 |    22 |    79 |    97 ||   204
       Broad axe         |       |       |       |   169 ||   169
       Morningstar       |       |       |       |   330 ||   330
Invok: Berserk           |       |     1 |     2 |     5 ||     8
       Trog's Hand       |       |       |       |     4 ||     4
Evoke: Wand              |       |       |     1 |     3 ||     4
  Use: Potion            |     3 |       |     5 |     5 ||    13
       Scroll            |     5 |       |     4 |    11 ||    20
  Eat: Chunk             |     2 |     4 |    11 |    26 ||    43
       Ration            |       |       |     2 |     3 ||     5
Armor: Animal skin       |    15 |       |       |       ||    15
       Scale mail        |    21 |    55 |    14 |       ||    90
       Chain mail        |       |       |    64 |    78 ||   142
       Plate armour      |       |       |       |   248 ||   248
       Skin              |       |       |       |    75 ||    75
Dodge: Dodged            |    45 |    52 |   148 |   278 ||   523
